 Dungeon Crawl Stone Soup version 0.18.1-50-g88ac8fd (webtiles) character file.

65 CountDeLaPain the Conjurer (level 3, 0/28 HPs)
             Began as a Draconian Conjurer on Oct 15, 2016.
             Slain by a centaur (3 damage)
             ... on level 3 of the Dungeon.
             The game lasted 00:06:18 (1804 turns).

CountDeLaPain the Conjurer (Draconian Conjurer)     Turns: 1804, Time: 00:06:19

Health: 0/28       AC:  6    Str: 10    XL:     3   Next: 94%
Magic:  1/6        EV: 12    Int: 16    God:
Gold:   115        SH:  0    Dex: 11    Spells: 2 memorised, 2 levels left

rFire  . . .     SeeInvis .     c - +0 short sword
rCold  . . .     Gourm    .     (armour unavailable)
rNeg   . . .     Faith    .     (no shield)
rPois  .         Spirit   .     (helmet restricted)
rElec  .         Dismiss  .     (no cloak)
rCorr  .         Reflect  .     l - +0 pair of gloves
SustAt .         Harm     .     (no boots)
MR     .....                    (no amulet)
Stlth  ++........               (no ring)
                                (no ring)

@: not resistant to hostile enchantments, unstealthy
A: unfitting armour, cold-blooded, AC +5
a: no special abilities


You were on level 3 of the Dungeon.
You were not hungry.

You visited 1 branch of the dungeon, and saw 3 of its levels.

You collected 115 gold pieces.

Inventory:

Hand Weapons
 c - a +0 short sword (weapon)
Armour
 l - a +0 pair of gloves (worn)
Scrolls
 d - a scroll of random uselessness {unknown}
 g - a scroll of enchant armour {unknown}
 i - a scroll of fog {unknown}
 j - 2 scrolls of teleportation {unknown}
 n - 2 scrolls of remove curse
Potions
 e - a potion of ambrosia
 k - a potion of might {unknown}
 p - a potion of mutation {unknown}
Books
 a - a book of Conjurations

   Spells                             Type                      Level
   a - Magic Dart                     Conjuration                  1
   b - Searing Ray                    Conjuration                  2
   c - Dazzling Spray                 Conjuration/Hexes            3
   d - Fulminant Prism                Conjuration/Hexes            4
   e - Iskenderun's Mystic Blast      Conjuration                  4
   f - Iskenderun's Battlesphere      Conjuration/Charms           5
Comestibles
 b - 2 bread rations
 h - a meat ration
 m - 4 chunks of flesh
 o - 4 fruits


   Skills:
 + Level 1.0 Fighting
 + Level 0.4 Short Blades
 + Level 2.1 Dodging
 + Level 2.2 Stealth
 + Level 2.4 Spellcasting
 + Level 4.6 Conjurations


You had 2 spell levels left.
You knew the following spells:

 Your Spells              Type           Power        Failure   Level  Hunger
a - Magic Dart            Conj           ###.         3%          1    #......
b - Dazzling Spray        Conj/Hex       #.....       28%         3    ###....


Dungeon Overview and Level Annotations

Branches:
Dungeon (3/15)

Altars:

Annotations:
D:2 Sigmund


Innate Abilities, Weirdness & Mutations

Your plain brown scales are hard (AC +5).
Your body does not fit into most forms of armour.
You are cold-blooded and may be slowed by cold attacks.


Message History

Aiming: Magic Dart
Press: ? - help, Shift-Dir - straight line, f/p - centaur
Aim: a centaur (severely wounded)
The magic dart hits the centaur.
The centaur is severely wounded.
The centaur hits you.
* * * LOW HITPOINT WARNING * * *
Casting: Magic Dart
Confirm with . or Enter, or press ? or * to list all spells.
Aiming: Magic Dart
Press: ? - help, Shift-Dir - straight line, f/p - centaur
Aim: a centaur (severely wounded)
The magic dart hits the centaur.
The centaur is almost dead.
The centaur barely misses you. The worm closely misses you.
The centaur closely misses you.
You hit the centaur.
The centaur is almost dead.
The centaur hits you.
You die...

. ..#### #
......### .##
........#####..###.
#####..[....#....[.
.######.##c.......
..........@w.$....
.######.##(###....
#.##.(# #...
#.##..###.##
#..)(..##.#
#####..##.# #.(.#.#
# #.....#
..#.....###


You could see a centaur and a worm.

Vanquished Creatures
  3 adders
  A dart slug (D:1)
  2 giant geckos
  An orc (D:3)
  4 bats
  2 giant cockroaches
  3 goblins
  4 hobgoblins
  6 kobolds
  2 ball pythons
  2 giant newts (D:1)
  4 rats
34 creatures vanquished.

Notes
Turn   | Place    | Note
--------------------------------------------------------------
     0 | D:1      | CountDeLaPain the Draconian Conjurer began the quest for the Orb.
     0 | D:1      | Reached XP level 1. HP: 14/14 MP: 3/3
   178 | D:1      | Reached XP level 2. HP: 1/20 MP: 0/5
  1134 | D:2      | Reached XP level 3. HP: 8/27 MP: 0/6
  1446 | D:2      | Found a faded altar to an unknown god.
  1516 | D:2      | Noticed Sigmund
  1667 | D:3      | Learned a level 3 spell: Dazzling Spray
  1691 | D:3      | Reached skill level 1 in Fighting
  1787 | D:3      | Noticed a centaur
  1795 | D:3      | HP: 1/28 [centaur/arrow (3)]
  1804 | D:3      | Slain by a centaur

Skill      XL: |  1  2  3 |
---------------+----------+-----
Stealth        | 2 |  2.2
Dodging        | 2 |  2.1
Fighting       | 1 |  1.0
Short Blades   | |  0.4
Spellcasting   | |  2.4
Conjurations   | |  4.6

Action                   || total
-------------------------++-------
Melee: Short sword       ||    41
       Unarmed           ||     4
       Tailslap          ||     2
 Cast: Magic Dart        ||    73
  Use: Scroll            ||     1
       Potion            ||     2
  Eat: Chunk             ||     4
Armor: Skin              ||    42
Dodge: Dodged            ||    56
